 Dungeon Crawl Stone Soup version 0.29-a0-375-g5102b3be25 (webtiles) character file.

Game seed: 878828758134459875

3 purpskrrrp the Skirmisher (level 1, 0/18 HPs)
             Began as a Demonspawn Berserker on May 4, 2022.
             Was a Follower of Trog.
             Slain by a jackal (2 damage)
             ... on level 1 of the Dungeon.
             The game lasted 00:01:00 (75 turns).

purpskrrrp the Skirmisher (Demonspawn Berserker)      Turns: 75, Time: 00:01:01

Health: 0/18       AC:  3    Str: 17    XL:     1   Next: 41%
Magic:  1/1        EV: 11    Int:  8    God:    Trog [*.....]
Gold:   0          SH:  0    Dex: 12    Spells: 0/0 levels left

rFire   . . .      SeeInvis .     - Unarmed
rCold   . . .      Faith    .   (no shield)
rNeg    . . .      Spirit   .   b - +0 leather armour
rPois   .          Reflect  .   (no helmet)
rElec   .          Harm     .   (no cloak)
rCorr   .          Rampage  .   (no gloves)
Will    .....                   (no boots)
Stlth   +.........              (no amulet)
HPRegen 0.06/turn               (no ring)
MPRegen 0.07/turn               (no ring)

@: weak-willed
A: no striking features
a: Renounce Religion, Berserk


You were on level 1 of the Dungeon.
You worshipped Trog.
Trog was aware of your devotion.
You visited 1 branch of the dungeon, and saw 1 of its levels.

Inventory:

Armour
 a - a +0 animal skin
 b - a +0 leather armour (worn)


   Skills:
 + Level 3.0 Fighting
 + Level 1.8 Armour
 + Level 1.8 Dodging
 + Level 2.7 Unarmed Combat


You couldn't memorise any spells.
You didn't know any spells.
Your spell library was empty.

Dungeon Overview and Level Annotations

Branches:
Dungeon (1/15)

Altars:


Message History

You hit the jackal.
The jackal is heavily wounded.
The jackal bites you.
You hit the jackal.
You kill the jackal!
Trog accepts your kill.
You closely miss the jackal.
The jackal bites you but does no damage.
You hit the jackal.
You kill the jackal!
Trog accepts your kill.
You hit the jackal.
The jackal is moderately wounded.
You closely miss the jackal.
The jackal is moderately wounded.
The jackal bites you.
The jackal bites you but does no damage.
The jackal bites you.
You barely miss the jackal.
The jackal is moderately wounded.
The jackal barely misses you. The jackal bites you.
You closely miss the jackal.
The jackal is moderately wounded.
The jackal barely misses you. The jackal closely misses you.
You hit the jackal. Your punch misses the jackal.
The jackal is severely wounded.
The jackal bites you but does no damage.
The jackal bites you.
The jackal bites you but does no damage.
The jackal bites you.
You hit the jackal.
The jackal is severely wounded.
The jackal bites you. x2
* * * LOW HITPOINT WARNING * * *
The jackal closely misses you. The jackal barely misses you.
The jackal attacks as you move away! The jackal bites you.
* * * LOW HITPOINT WARNING * * *
The jackal attacks as you move away! The jackal barely misses you.
The jackal attacks as you move away! The jackal bites you.
You die...

#### ##############
#.. ..... ..#.....
####.# #..# #.#.####
#...h####..####.#.####
#?..h@...............#
#.$..####..####.#.##.#
##.#.####..####.#.##.#
#.#........†...#.....
#?###############....
#. #.#.# #. #.#.. #?
#.#.. #. #.#'#


You could see 2 jackals.

Vanquished Creatures
  2 jackals (D:1)
  A rat (D:1)
3 creatures vanquished.

Notes
Turn   | Place    | Note
-------+----------+-------------------------------------------
     0 | D:1      | purpskrrrp the Demonspawn Berserker began the quest for the
                  | Orb.
     0 | D:1      | Reached XP level 1. HP: 18/18 MP: 1/1
    75 | D:1      | Slain by a jackal

Illustrated notes

Levels and vault maps discovered:
D:1:      tarquinn_simple_flora_water_b, layout_loops_cross

Action                   || total
-------------------------++-------
Melee: Unarmed           ||    11
       Punch             ||     1
  Use: Scroll            ||     1
Armor: Leather armour    ||     4
Dodge: Dodged            ||     6

Table legend: (Time is in decaauts)
 A = Elapsed time spent in this place.
 B = Non-inter-level travel time spent in this place.
 C = Inter-level travel time spent in this place.
 D = Time resting spent in this place.
 E = Time spent auto-exploring this place.
 F = Levels seen in this place.
 G = Mean time per level.
                   A        B        C        D        E       F      G
               +--------+--------+--------+--------+--------+-----+--------+
         Total |     74 |     74 |      0 |      0 |     35 |   1 |   74.0 |
       Dungeon |     74 |     74 |      0 |      0 |     35 |   1 |   74.0 |
               +--------+--------+--------+--------+--------+-----+--------+

Top non-repeatable levels by time:
     D:1: 74 daAuts
